 Dungeon Crawl Stone Soup version 0.27.1-34-g3ba077fa99 (webtiles) character file.

Game seed: 13864726439411940249

3223 Labrat the Magician (level 10, -6/77 HPs)
             Began as a Human Hedge Wizard on Jan 13, 2022.
             Was an Initiate of Vehumet.
             Mangled by Menkaure (16 damage)
             ... on level 7 of the Dungeon.
             The game lasted 00:36:02 (10771 turns).

Labrat the Magician (Human Hedge Wizard)           Turns: 10771, Time: 00:36:03

Health: -6/77      AC:  6    Str: 10    XL:     10   Next: 18%
Magic:  20/20      EV: 13    Int: 19    God:    Vehumet [......]
Gold:   77         SH:  0    Dex: 12    Spells: 11/22 levels left

rFire    . . .     SeeInvis .   E - +2 dagger (holy)
rCold    + . .     Faith    .   (no shield)
rNeg     . . .     Spirit   .   b - +0 robe
rPois    .         Reflect  .   c - +0 hat
rElec    .         Harm     .   w - +2 cloak
rCorr    .         Rampage  .   H - +0 pair of gloves
Will     .....                  (no boots)
Stlth    ++........             D - amulet of the acrobat
HPRegen  0.22/turn              d - ring of protection from cold
MPRegen  0.17/turn              (no ring)

@: no status effects
A: no striking features
a: Renounce Religion


You were on level 7 of the Dungeon.
You worshipped Vehumet.
Vehumet was noncommittal.
You visited 2 branches of the dungeon, and saw 8 of its levels.
You also visited: Sewer.

You collected 284 gold pieces.
You spent 207 gold pieces at shops.

Inventory:

Hand Weapons
 s - a +1 flail of protection
 E - a +2 dagger of holy wrath (weapon)
Missiles
 l - 3 curare-tipped darts
 G - 17 poisoned darts
Armour
 b - a +0 robe (worn)
 c - a +0 hat (worn)
 w - a +2 cloak (worn)
 H - a +0 pair of gloves (worn)
Jewellery
 d - a ring of protection from cold (left hand)
 D - an amulet of the acrobat (around neck)
Wands
 u - a wand of polymorph (7)
Scrolls
 a - a scroll of enchant armour {unknown}
 g - 2 scrolls of magic mapping {unknown}
 i - 2 scrolls of blinking {unknown}
 m - a scroll of enchant weapon {unknown}
 n - a scroll of vulnerability {unknown}
 o - 4 scrolls of teleportation {unknown}
 p - 2 scrolls of fear
 q - a scroll of immolation {unknown}
 r - 2 scrolls of identify {unknown}
 y - a scroll of silence {unknown}
 B - 2 scrolls of holy word {unknown}
 I - a scroll of torment {unknown}
Potions
 e - a potion of invisibility {unknown}
 f - 2 potions of curing
 h - 2 potions of lignification {unknown}
 j - a potion of might {unknown}
 k - a potion of degeneration {unknown}
 t - 2 potions of brilliance {unknown}
 v - 4 potions of mutation {unknown}
 x - 5 potions of heal wounds
 z - a potion of cancellation {unknown}
 A - a potion of experience {unknown}
 C - 2 potions of magic {unknown}
 F - 2 potions of haste


   Skills:
 + Level 6.6 Fighting
 - Level 5.0 Dodging
 - Level 2.0 Stealth
 + Level 6.9 Spellcasting
 - Level 5.0 Conjurations
 - Level 3.0 Summonings
 - Level 3.0 Translocations
 - Level 3.0 Air Magic
 + Level 2.7 Earth Magic
 - Level 3.0 Poison Magic


You had 11 spell levels left.
You knew the following spells:

 Your Spells              Type           Power      Damage    Failure   Level
a - Magic Dart            Conj           100%       1d8       1%          1
b - Blink                 Tloc           N/A        N/A       4%          2
c - Call Imp              Summ           17%        N/A       4%          2
d - Stone Arrow           Conj/Erth      42%        3d9       6%          3
e - Mephitic Cloud        Conj/Pois/Air  20%        N/A       7%          3

Your spell library contained the following spells:

 Spells                   Type           Power      Damage    Failure   Level
 Corona                   Hex            6%         N/A       11%         1
 Conjure Flame            Conj/Fire      16%        6-21      11%         3
 Ensorcelled Hibernation  Hex/Ice        12%        N/A       16%         2
 Slow                     Hex            6%         N/A       16%         2
 Sublimation of Blood     Necr           3%         N/A       16%         2
 Tukima's Dance           Hex            6%         N/A       30%         3
 Iskenderun's Battlesphe  Conj           25%        2d8       36%         5
 Petrify                  Tmut/Erth      11%        N/A       50%         4
 Irradiate                Conj/Tmut      8%         3d16      71%         5
 Blade Hands              Tmut           3%         N/A       96%         5
 Iron Shot                Conj/Erth      10%        9d3       97%         6
 Dragon Form              Tmut           3%         N/A       100%        7
 Spellforged Servitor     Conj/Summ      10%        N/A       100%        7
 Maxwell's Capacitive Co  Air            8%         ∞         100%        8
 Chain Lightning          Conj/Air       10%        3d14      100%        9


Dungeon Overview and Level Annotations

Branches:
Dungeon (7/15)             Temple (1/1) D:7           Sewer (visited)

Altars:
Ashenzari
Cheibriados
Dithmenos
Elyvilon
Fedhas
Hepliaklqana
Kikubaaqudgha
Makhleb
Nemelex Xobeh
Okawaru
Qazlal
Ru
Sif Muna
Trog
Vehumet
Wu Jian
Xom
Zin
The Shining One

Shops:
D:7 !*

Annotations:
D:7 Menkaure


Message History

t - Shout!
Orders for allies: a - Attack new target. r - Retreat! s - Stop attacking. g - Guard the area. f - Follow me.
Anything else - Cancel.
You shout for attention!
Casting: Call Imp (safe; 4% risk of failure)
Confirm with . or Enter, or press ? or * to list all spells.
Okay, then.
You swap places.
Menkaure calls on the powers of darkness!
Your body is wracked with pain!
You swap places.
You hit Menkaure.
Menkaure convulses.
Menkaure is lightly damaged.
Menkaure closely misses you.
Your crimson imp blinks!
You hit Menkaure.
Menkaure convulses.
Menkaure is moderately damaged.
Menkaure hits you!
You hit Menkaure but do no damage.
Menkaure is moderately damaged.
You hit Menkaure.
Menkaure convulses.
Menkaure is severely damaged.
Menkaure casts a spell.
Menkaure seems to speed up.
You hit Menkaure.
Menkaure convulses.
Menkaure is almost destroyed.
Menkaure hits you!!
* * * LOW HITPOINT WARNING * * *
You hit Menkaure but do no damage.
Menkaure is almost destroyed.
Menkaure closely misses you.
Menkaure calls on the powers of darkness!
Your body is wracked with pain!
* * * LOW HITPOINT WARNING * * *
You hit Menkaure but do no damage.
Menkaure is almost destroyed.
Menkaure hits you!
You die...

#.#.#.######.####.........#
##.## #.#.#.# #.#
#.######### #.... #.#.#.#
#.# #.# #..## #.#.#.# #.#
#.###########.... ..#.#.#
#.# #.............###
###.#.#
#.##################
###.#.# #.#...5.........#
....#.# #.###.#########.#
### #####.# #.# #@# #.# #..
......# #.# #M# #.# #.#
####### #M...$..# #.####.#
#.###.### #......# #.#
######## ###


You could see Menkaure (fast, ally target) and a friendly crimson imp
(summoned).

Vanquished Creatures
  Pikel (D:7)
  3 yaks (D:6)
  Duvessa (D:5)
  A black bear (D:6)
  An ice beast (D:7)
  A sky beast (D:5)
  2 necrophages
  A centaur (D:7)
  3 lemures (D:7)
  3 phantoms
  A kobold brigand (D:7)
  4 bullfrogs
  A scorpion (D:3)
  Dowan (D:5)
  A water moccasin skeleton (D:7)
  4 wights (D:7)
  2 bullfrog zombies
  4 orc priests
  A centaur zombie (D:7)
  A bullfrog skeleton (D:5)
  2 hounds (D:4)
  A jelly (D:6)
  A gnoll shaman (D:5)
  2 centaur skeletons (D:6)
  2 iguanas
  A scorpion zombie (D:5)
  An orc wizard (D:5)
  A killer bee zombie (D:6)
  A hound zombie (D:5)
  A hound skeleton (D:4)
  A howler monkey zombie (D:6)
  10 gnolls
  15 adders
  4 river rats (Sewer)
  A shadow imp (D:5)
  A white imp (D:7)
  3 worms
  2 dart slugs
  13 orcs
  10 ball pythons
  2 bats
  4 endoplasms
  4 giant cockroaches
  6 goblins
  2 hobgoblins
  25 kobolds
  7 quokkas
  5 frilled lizards
  27 rats
192 creatures vanquished.

Notes
Turn   | Place    | Note
-------+----------+-------------------------------------------
     0 | D:1      | Labrat the Human Hedge Wizard began the quest for the Orb.
     0 | D:1      | Reached XP level 1. HP: 13/13 MP: 4/4
   234 | D:1      | Reached XP level 2. HP: 18/18 MP: 3/6
  1183 | D:2      | Reached XP level 3. HP: 25/25 MP: 4/7
  1549 | D:2      | Found a blossoming altar of Fedhas.
  2169 | D:3      | Reached XP level 4. HP: 15/31 MP: 0/8
  2342 | D:3      | Noticed a scorpion
  2440 | D:3      | Learned a level 2 spell: Blink
  2443 | D:3      | Learned a level 2 spell: Call Imp
  2447 | D:3      | Learned a level 3 spell: Mephitic Cloud
  2557 | D:3      | Reached skill level 1 in Fighting
  2821 | D:3      | Killed a scorpion
  2822 | D:3      | Reached XP level 5. HP: 37/37 MP: 8/10
  2856 | D:3      | Found a faded altar of an unknown god.
  3150 | D:4      | Found a sparkling altar of Nemelex Xobeh.
  3348 | D:4      | Reached XP level 6. HP: 41/43 MP: 1/11
  4295 | D:5      | Entered Level 5 of the Dungeon
  4348 | D:5      | Reached XP level 7. HP: 34/50 MP: 9/12
  4510 | D:5      | Noticed Duvessa
  4511 | D:5      | Noticed Dowan
  4525 | D:5      | Killed Duvessa
  4531 | D:5      | Found a glowing drain.
  4613 | D:5      | Killed Dowan
  4686 | Sewer    | Entered a sewer
  5555 | Sewer    | Reached XP level 8. HP: 57/57 MP: 8/14
  5989 | D:5      | Found a hazy altar of Hepliaklqana.
  6211 | D:5      | Found a sacrificial altar of Ru.
  6421 | D:5      | Reached skill level 5 in Conjurations
  6920 | D:6      | Reached skill level 1 in Air Magic
  6920 | D:6      | Reached skill level 1 in Poison Magic
  7549 | D:6      | Reached XP level 9. HP: 60/65 MP: 12/16
  7594 | D:6      | Reached skill level 5 in Spellcasting
  8060 | D:6      | Reached skill level 5 in Dodging
  8492 | D:6      | Reached skill level 5 in Fighting
  9302 | D:7      | Got the Tome of Damaging Lightness
  9307 | D:7      | Learned a level 3 spell: Stone Arrow
  9712 | D:7      | Reached skill level 1 in Earth Magic
  9728 | D:7      | Reached XP level 10. HP: 75/76 MP: 3/19
  9828 | D:7      | Found Qeestroept's Distillery.
  9833 | D:7      | Bought a potion of curing for 39 gold pieces
  9833 | D:7      | Bought a potion of haste for 130 gold pieces
  9912 | D:7      | Noticed Pikel
  9913 | D:7      | Found a staircase to the Ecumenical Temple.
  9939 | D:7      | Killed Pikel
 10013 | Temple   | Entered the Ecumenical Temple
 10038 | Temple   | Became a worshipper of Vehumet
 10074 | D:7      | Found Useoc's General Store.
 10081 | D:7      | Bought a scroll of fear for 38 gold pieces
 10348 | D:7      | Noticed Menkaure
 10771 | D:7      | Mangled by Menkaure

Illustrated notes

Levels and vault maps discovered:
D:1:      amcnicky_arrival_blooded_trapdoor, layout_basic, serial_bayou_pond_d
D:2:      layout_loops_ring, basic_altar
D:3:      layout_basic, hellmonk_ecumenical_altar_inner_sanctum,
          corexii_corridor_pit
D:4:      layout_rooms, kennysheep_mini, kennysheep_generic_room_16
D:5:      layout_basic, grunt_temple_overflow_open,
          cheibrodos_sewer_entry_drain, minmay_misc_feat_tiny, uniq_duvessa
D:6:      layout_gridville, abandoned_shop
D:7:      layout_basic, minmay_temple_entry_mist, serial_shops,
          nicolae_diamond_shop, minmay_shop_grid_forest, uniq_menkaure,
          uniq_pikel
Temple:   lightli_temple_of_artemis

Skill      XL: |  1  2  3  4  5  6  7  8  9 10 |
---------------+-------------------------------+-----
Conjurations   | 2 3 4 5 |  5.0
Fighting       | 1 2 3 6 |  6.6
Summonings     | 2 3 |  3.0
Translocations | 2 3 |  3.0
Dodging        | 3 4 5 |  5.0
Spellcasting   | 4 6 |  6.9
Air Magic      | 2 3 |  3.0
Poison Magic   | 2 3 |  3.0
Earth Magic    | 1 2 |  2.7
Stealth        | |  2.0

Action                   |  1- 3 |  4- 6 |  7- 9 | 10-12 || total
-------------------------+-------+-------+-------+-------++-------
Melee: Trident           |    14 |       |       |       ||    14
       Dagger            |    19 |    40 |       |     7 ||    66
       Flail             |       |    28 |   403 |    20 ||   451
       Unarmed           |       |       |    20 |       ||    20
Throw: Dart              |       |     1 |     2 |       ||     3
 Cast: Magic Dart        |    63 |   106 |   164 |     9 ||   342
       Mephitic Cloud    |       |       |    19 |     3 ||    22
       Call Imp          |       |       |     2 |     1 ||     3
       Stone Arrow       |       |       |     4 |     1 ||     5
       Blink             |       |       |     2 |       ||     2
 Stab: Confused          |       |       |     9 |     1 ||    10
       Distracted        |       |       |     2 |       ||     2
       Sleeping          |       |       |     1 |       ||     1
Armor: Robe              |     4 |    10 |   191 |    11 ||   216
       Skin              |       |       |     3 |       ||     3
Dodge: Dodged            |    28 |    45 |   409 |    15 ||   497
